 Dungeon Crawl Stone Soup version 0.27-a0-1273-gec92ba881d (webtiles) character file.

Game seed: 10948942960615984764

53 deadmanwalking the Caller (level 3, -6/19 HPs)
             Began as a Deep Elf Summoner on June 11, 2021.
             Was a Follower of Ru.
             Killed from afar by Sigmund (8 damage)
             ... with a magic dart
             ... on level 2 of the Dungeon.
             The game lasted 00:12:16 (3217 turns).

deadmanwalking the Caller (Deep Elf Summoner)       Turns: 3217, Time: 00:12:16

Health: -6/19      AC:  2    Str:  5    XL:     3   Next: 64%
Magic:  4/10       EV: 13    Int: 20    God:    Ru [*.....]
Gold:   61         SH:  0    Dex: 15    Spells: 3/9 levels left

rFire    . . .     SeeInvis .   b - +0 hunting sling (freeze)
rCold    . . .     Faith    .   (no shield)
rNeg     . . .     Spirit   .   e - +0 robe
rPois    .         Reflect  .   (no helmet)
rElec    .         Harm     .   (no cloak)
rCorr    .         Rampage  .   (no gloves)
Will     .....                  (no boots)
Stlth    ++........             (no amulet)
HPRegen  0.06/turn              (no ring)
MPRegen  0.12/turn              (no ring)

@: no status effects
A: unskilled 1
a: Renounce Religion


You were on level 2 of the Dungeon.
You worshipped Ru.
Ru was aware of your devotion.
You visited 1 branch of the dungeon, and saw 3 of its levels.

You collected 61 gold pieces.

Inventory:

Hand Weapons
 a - a +1 dagger of draining
 b - a +0 hunting sling of freezing (weapon)
 i - a +3 dagger
Missiles
 d - 5 bolts
 j - 3 boomerangs
 l - 24 stones (quivered ammo)
Armour
 e - a +0 robe (worn)
Potions
 c - a potion of heal wounds
 f - a potion of curing {unknown}
 g - a potion of haste {unknown}
 h - a potion of flight {unknown}
 k - a potion of lignification
 m - a potion of ambrosia {unknown}


   Skills:
 + Level 2.8 Dodging
 - Level 2.1 Stealth
 * Level 3.8 Spellcasting
 * Level 4.5 Summonings


You had 3 spell levels left.
You knew the following spells:

 Your Spells              Type           Power      Damage    Failure   Level
a - Summon Small Mammal   Summ           88%        N/A       1%          1
b - Call Imp              Summ           22%        N/A       3%          2
c - Call Canine Familiar  Summ           22%        N/A       6%          3

Your spell library contained the following spells:

 Spells                   Type           Power      Damage    Failure   Level
 Beastly Appendage        Tmut           6%         N/A       13%         1
 Summon Guardian Golem    Hex/Summ       13%        N/A       16%         3
 Wereblood                Tmut           3%         N/A       21%         2
 Spider Form              Tmut/Pois      1%         N/A       36%         3
 Summon Ice Beast         Ice/Summ       13%        N/A       45%         4
 Summon Lightning Spire   Summ/Air       13%        N/A       45%         4
 Ice Form                 Ice/Tmut       3%         N/A       78%         4


Dungeon Overview and Level Annotations

Branches:
Dungeon (3/15)

Altars:
Ru

Annotations:
D:2 1 runed translucent door, Crazy Yiuf, Sigmund


Innate Abilities, Weirdness & Mutations

You are somewhat unskilled. (-1 Apt)


Message History

The puff of frost hits Sigmund.
Your crimson imp barely misses Sigmund.
Sigmund says, "Your kind have come here before.
I understand now why.
You desire death..."
Your crimson imp closely misses Sigmund.
Your magical contamination has completely faded away.
What are your orders? t - Shout!
Orders for allies: a - Attack new target. r - Retreat! s - Stop attacking. g - Guard the area. f - Follow me.
Anything else - Cancel.
Gang up on whom?
Press: ? - help, Dir - move target, f - Sigmund
Aim: Sigmund, wielding a +0 scythe and wearing a +0 robe (heavily wounded, ally target) Attack!
Sigmund hits you from afar with a +0 scythe.
Your crimson imp blinks!
Sigmund casts a spell at you.
You are confused.
Your white imp gestures at Sigmund.
The puff of frost hits Sigmund!
You bump into the rock wall.
Sigmund gestures at your white imp while chanting.
The puff of flame hits your white imp!
Your white imp is burned terribly!
Your white imp dies!
Okay, then.
Sigmund hits your crimson imp from afar with a +0 scythe!
Your crimson imp blinks!
You feel less confused.
You are too injured to fight recklessly!
Casting: Call Imp (safe; 3% risk of failure)
Confirm with . or Enter, or press ? or * to list all spells.
A beastly little devil appears in a puff of flame.
Sigmund gestures at you while chanting. The magic dart hits you.
* * * LOW HITPOINT WARNING * * *
Sigmund gestures at you while chanting. The magic dart hits you!
You die...

.....##.##.##.#.# #...#
.....##.##.##.#.# #.####### #####
.....##....##.#.# #.##.##.###....
.....#####.##.#.###.##.#.........
.....# #..........##.#..##..>..
.....# ##....#....###.#..#......
##.######.....#.##.# #.#..#.##.#.
...#.............#.###.#..#.##.#.
...#.####.....#.@#.............#.
...#.# #.............@#..#....#.
####.# #.....##.#######..####.#.
####.# #.....##5### #..#......
.....# #.....##.#.#####..####.#.
.....# #.....##[#...............
.....# #.....##.#.####...######.
.....# ##.#####.#........# #.
#.##.# #.###..........#.######.


You could see Sigmund (ally target) and a friendly crimson imp (summoned).

Vanquished Creatures
  An endoplasm (D:2)
  A quokka (D:2)
2 creatures vanquished.

Vanquished Creatures (collateral kills)
  Jessica (D:2)
  3 adders (D:2)
  2 dart slugs
  2 endoplasms
  2 giant cockroaches (D:1)
  3 hobgoblins
  3 kobolds (D:1)
  2 quokkas
  3 ball pythons
  4 bats
  2 frilled lizards (D:1)
  6 goblins (D:1)
33 creatures vanquished.

Grand Total: 35 creatures vanquished

Notes
Turn   | Place    | Note
-------+----------+-------------------------------------------
     0 | D:1      | deadmanwalking the Deep Elf Summoner began the quest for
                  | the Orb.
     0 | D:1      | Reached XP level 1. HP: 10/10 MP: 6/6
   434 | D:1      | Reached XP level 2. HP: 15/15 MP: 4/8
   440 | D:1      | Learned a level 2 spell: Call Imp
   759 | D:1      | Found a faded altar of an unknown god.
   765 | D:1      | Became a worshipper of Ru the Awakened
   780 | D:1      | Gained mutation: You are somewhat unskilled. (-1 Apt) [Ru
                  | sacrifice]
   780 | D:1      | Reached * piety under Ru
  1407 | D:2      | Noticed Jessica
  1421 | D:2      | Killed Jessica
  1422 | D:2      | Reached XP level 3. HP: 19/19 MP: 1/10
  1426 | D:2      | Learned a level 3 spell: Call Canine Familiar
  1712 | D:2      | Noticed Sigmund
  2437 | D:2      | Found a runed translucent door.
  2438 | D:2      | Noticed Crazy Yiuf
  3217 | D:2      | Killed from afar by Sigmund

Illustrated notes

Levels and vault maps discovered:
D:1:      minmay_arrival_hallway, layout_basic,
          ebering_ecumenical_altar_petrified, st_stairs_1
D:2:      layout_basic, uniq_crazy_yiuf_cottage, uniq_sigmund, uniq_jessica
D:3:      layout_basic, serial_shops, shop, minivault_11, goddamned_bats

Action                   || total
-------------------------++-------
Melee: Unarmed           ||     2
       Dagger            ||    11
 Cast: Summon Small Mamm ||    22
       Call Imp          ||    42
Invok: Sacrifice Skill   ||     1
  Use: Scroll            ||     7
 Stab: Sleeping          ||     1
Armor: Robe              ||     8
Dodge: Dodged            ||    19

Table legend: (Time is in decaauts)
 A = Elapsed time spent in this place.
 B = Non-inter-level travel time spent in this place.
 C = Inter-level travel time spent in this place.
 D = Time resting spent in this place.
 E = Time spent auto-exploring this place.
 F = Levels seen in this place.
 G = Mean time per level.
                   A        B        C        D        E       F      G
               +--------+--------+--------+--------+--------+-----+--------+
         Total |   3218 |   2986 |    232 |      8 |   2565 |   3 | 1072.7 |
       Dungeon |   3218 |   2986 |    232 |      8 |   2565 |   3 | 1072.7 |
               +--------+--------+--------+--------+--------+-----+--------+

Top non-repeatable levels by time:
     D:1: 1711 daAuts
     D:2: 1503 daAuts
     D:3: 4 daAuts
